 Dungeon Crawl Stone Soup version 0.28.0-53-g5a82cb258f (webtiles) character file.

Game seed: 176481845488625486

3094 Druoop the Blocker (level 10, -3/71 HPs)
             Began as a Formicid Fighter on June 28, 2022.
             Was a Priest of Hepliaklqana.
             Slain by a killer bee (4 damage)
             ... on level 7 of the Dungeon.
             The game lasted 00:29:26 (9410 turns).

Druoop the Blocker (Formicid Fighter)               Turns: 9410, Time: 00:29:27

Health: -3/71      AC: 15    Str: 26    XL:     10   Next: 13%
Magic:  10/10      EV:  9    Int:  7    God:    Hepliaklqana [***...]
Gold:   390        SH:  5    Dex: 10    Spells: 9/9 levels left

rFire   . . .      SeeInvis +   a - +1 quarterstaff
rCold   . . .      Faith    +   c - +0 buckler
rNeg    + . .      Spirit   .   n - +1 chain mail
rPois   .          Reflect  .   (helmet unavailable)
rElec   .          Harm     .   (no cloak)
rCorr   .          Rampage  .   (no gloves)
Will    +....                   (no boots)
Stlth   ..........              q - amulet of faith
HPRegen 0.21/turn               i - ring of positive energy
MPRegen 0.12/turn               v - +4 ring of protection

@: lethally poisoned (-3 -> -7)
A: reduced essence, permanent stasis, dig shafts and tunnels, antennae 3, four
strong arms
a: Dig, Shaft Self, Renounce Religion, Recall Ancestor, Ancestor Identity,
Transference


You were on level 7 of the Dungeon.
You worshipped Hepliaklqana.
Hepliaklqana was most pleased with you.
You visited 2 branches of the dungeon, and saw 8 of its levels.

You collected 426 gold pieces.
You spent 36 gold pieces at shops.

Inventory:

Hand Weapons
 a - a +1 quarterstaff (weapon)
Armour
 b - a +0 scale mail
 c - a +0 buckler (worn)
 e - a +0 buckler
 n - a +1 chain mail (worn)
 o - +0 steam dragon scales
Jewellery
 i - a ring of positive energy (left hand)
 q - an amulet of faith (around neck)
 v - a +4 ring of protection (right hand)
Wands
 l - a wand of flame (11)
 m - a wand of polymorph (17)
Scrolls
 f - 2 scrolls of fog {unknown}
 g - 4 scrolls of teleportation
 p - a scroll of silence
 t - a scroll of fear
 w - 3 scrolls of identify
Potions
 d - a potion of might
 h - a potion of cancellation
 j - a potion of lignification
 k - 2 potions of haste
 r - a potion of brilliance
 s - a potion of magic
 u - a potion of degeneration {unknown}


   Skills:
 + Level 7.4 Fighting
 + Level 6.4 Staves
 + Level 7.4 Armour
 + Level 5.0 Dodging
 + Level 8.3 Shields


You had 9 spell levels left.
You didn't know any spells.
Your spell library contained the following spells:

 Spells                   Type           Power      Damage    Failure   Level
 Ignite Poison            Fire/Tmut/Pois 0%         N/A       100%        3
 Mephitic Cloud           Conj/Pois/Air  0%         N/A       100%        3
 Ozocubu's Armour         Ice            0%         N/A       100%        3
 Animate Armour           Summ/Erth      0%         N/A       100%        4
 Blade Hands              Tmut           0%         N/A       100%        5
 Freezing Cloud           Conj/Ice/Air   0%         6-21      100%        5
 Iron Shot                Conj/Erth      0%         9d1       100%        6
 Ozocubu's Refrigeration  Ice            0%         4d5       100%        7


Dungeon Overview and Level Annotations

Branches:
Dungeon (7/15)             Temple (1/1) D:4

Altars:
Ashenzari
Cheibriados
Dithmenos
Elyvilon
Fedhas
Gozag
Hepliaklqana
Kikubaaqudgha
Nemelex Xobeh
Okawaru
Qazlal
Ru
Sif Muna
Trog
Uskayaw
Vehumet
Wu Jian
Xom
Yredelemnul
Zin
The Shining One

Shops:
D:1 !   D:2 =


Innate Abilities, Weirdness & Mutations

Your life essence is reduced to manifest your ancestor. (-10% HP)
You cannot be hasted, slowed, berserked, paralysed or teleported.
You can dig through walls and to a lower floor.
You have a pair of large antennae on your head. (SInv)
Your four strong arms can wield two-handed weapons with a shield.


Message History

The killer bee barely misses you.
Londisizwe hits the killer bee with a +0 dagger of draining.
You hit the killer bee.
The killer bee is moderately wounded.
* * * LOW HITPOINT WARNING * * *
You feel very sick.
The killer bee stings you but does no damage.
You block the killer bee's attack. The killer bee barely misses you.
Londisizwe barely misses the killer bee.
The killer bee stings you but does no damage.
* * * LOW HITPOINT WARNING * * *
You feel very sick.
The killer bee stings you but does no damage.
The killer bee closely misses you.
Londisizwe barely misses the killer bee.
The killer bee stings you but does no damage.
You feel sick.
The killer bee stings Londisizwe.
The killer bee closely misses you.
Londisizwe hits the killer bee with a +0 dagger of draining.
The killer bee misses Londisizwe.
Aiming: Throw Flame
Press: ? - help, Shift-Dir - straight line, f - killer bee
Aim: a killer bee (heavily wounded, ally target, 39% to hit)
The puff of flame misses the killer bee. x2
You feel sick. The killer bee stings you.
* * * LOW HITPOINT WARNING * * *
The killer bee stings Londisizwe.
Londisizwe hits the killer bee with a +0 dagger of draining!
The killer bee stings you but does no damage.
The killer bee stings Londisizwe.
* * * LOW HITPOINT WARNING * * *
You feel sick.
The killer bee stings Londisizwe!
You block the killer bee's attack.
Londisizwe closely misses the killer bee.
The killer bee stings Londisizwe.
You miss the killer bee.
The killer bee is moderately wounded.
* * * LOW HITPOINT WARNING * * *
You feel sick. The killer bee stings you.
You die...

##....# #.....## ....
#......# .....
###......#####...##
#.#..........#.....
##.....<...#......
####.........###...
#.........#.#.##.#
.......##.#..y.y@###
#.......#.##..R....#
#..........##?..>......
#...........###....#...#
....###...... .....# #..
#.............#.#..# #
.....#.....#######...
.....# #..## .## .....##
{ #


You could see the friendly Londisizwe the hexer and 2 killer bees.

Vanquished Creatures
  A steam dragon (D:7)
  A sky beast (D:6)
  2 black bears (D:4)
  An ice beast (D:6)
  A necrophage (D:6)
  3 ogres
  A centaur (D:6)
  A kobold brigand (D:4)
  2 scorpions
  A water moccasin zombie (D:5)
  A vampire bat (D:4)
  2 bullfrog zombies
  A hound (D:5)
  2 orc priests (D:3)
  2 iguanas
  Natasha (twice) (D:3)
  5 orc wizards
  A killer bee zombie (D:6)
  3 gnolls (D:4)
  A howler monkey skeleton (D:6)
  4 adders
  A shadow imp (D:6)
  A white imp (D:5)
  An adder skeleton (D:2)
  2 dart slugs
  16 orcs
  6 ball pythons
  3 endoplasms
  4 giant cockroaches
  11 goblins
  8 hobgoblins
  4 jackals (D:1)
  9 kobolds
  6 quokkas
  9 bats
  3 frilled lizards
  4 rats
126 creatures vanquished.

Vanquished Creatures (collateral kills)
  The ghost of Tali the Chopper, an amateur DsBe of Trog (D:5)
  Grinder (D:6)
  Menkaure (D:6)
  An ice beast (D:6)
  A sky beast (D:4)
  2 ogres
  A bullfrog (D:6)
  A water moccasin zombie (D:5)
  A killer bee (D:7)
  A vampire bat (D:4)
  A centaur skeleton (D:4)
  2 centaur zombies
  A hound (D:5)
  Ijyb (D:3)
  Natasha (D:3)
  An orc wizard (D:6)
  2 adders
  A shadow imp (D:5)
  4 orcs
  An endoplasm (D:3)
  2 goblins (D:2)
  A hobgoblin (D:4)
  A ball python (D:4)
  A bat (D:4)
31 creatures vanquished.

Vanquished Creatures (others)
  A killer bee (D:7)
  A hexer (D:6)
2 creatures vanquished.

Grand Total: 159 creatures vanquished

Notes
Turn   | Place    | Note
-------+----------+-------------------------------------------
     0 | D:1      | Druoop the Formicid Fighter began the quest for the Orb.
     0 | D:1      | Reached XP level 1. HP: 18/18 MP: 1/1
    15 | D:1      | Found Bigoj's Distillery.
   125 | D:1      | Reached XP level 2. HP: 24/24 MP: 2/2
   199 | D:1      | Reached XP level 3. HP: 28/29 MP: 3/3
   233 | D:1      | Found a faded altar of an unknown god.
   253 | D:1      | Reached skill level 4 in Shields
  1047 | D:1      | Prayed at the altar of an unknown god.
  1047 | D:1      | Became a worshipper of Hepliaklqana the Forgotten
  1047 | D:1      | Reached * piety under Hepliaklqana
  1108 | D:1      | Bought a potion of curing for 36 gold pieces
  1178 | D:2      | Found Zethre Weuble's Jewellery Emporium.
  2576 | D:2      | Reached XP level 4. HP: 29/30 MP: 4/4
  3354 | D:3      | Reached XP level 5. HP: 29/37 MP: 5/5
  4047 | D:3      | Reached ** piety under Hepliaklqana
  4048 | D:3      | Remembered your ancestor Londisizwe as a hexer
  4110 | D:3      | Noticed Ijyb
  4142 | D:3      | Killed Ijyb
  4143 | D:3      | Reached XP level 6. HP: 31/44 MP: 6/6
  4388 | D:3      | Noticed Natasha
  4392 | D:3      | Killed Natasha
  4393 | D:3      | Reached skill level 1 in Dodging
  4490 | D:3      | Reached skill level 5 in Shields
  4490 | D:3      | Noticed Natasha
  4497 | D:3      | Killed Natasha
  4670 | D:3      | Noticed Natasha
  4686 | D:3      | Killed Natasha
  5034 | D:4      | Found a staircase to the Ecumenical Temple.
  5066 | Temple   | Entered the Ecumenical Temple
  5216 | D:4      | Noticed a black bear
  5222 | D:4      | Killed a black bear
  5223 | D:4      | Reached XP level 7. HP: 42/49 MP: 7/7
  5275 | D:4      | Reached skill level 5 in Fighting
  5348 | D:4      | Reached skill level 5 in Armour
  5602 | D:4      | Reached XP level 8. HP: 45/55 MP: 8/8
  5605 | D:4      | Reached skill level 6 in Shields
  6421 | D:5      | Entered Level 5 of the Dungeon
  6760 | D:5      | Reached skill level 5 in Staves
  6866 | D:5      | Found a runed translucent door.
  6867 | D:5      | Noticed Tali's ghost (amateur DsBe)
  6884 | D:5      | Killed Tali's ghost
  6885 | D:5      | Reached skill level 7 in Shields
  6885 | D:5      | Reached XP level 9. HP: 61/62 MP: 9/9
  7080 | D:5      | Reached *** piety under Hepliaklqana
  7788 | D:6      | Noticed Menkaure
  7795 | D:6      | Killed Menkaure
  8340 | D:6      | Noticed Grinder
  8350 | D:6      | Killed Grinder
  8361 | D:6      | Reached skill level 8 in Shields
  8361 | D:6      | Reached XP level 10. HP: 53/71 MP: 10/10
  8459 | D:6      | You fall into a shaft and drop 1 floor!
  9069 | D:6      | Reached skill level 5 in Dodging
  9409 | D:7      | HP: 2/71 [poisoned by a killer bee]
  9410 | D:7      | Slain by a killer bee

Illustrated notes

Levels and vault maps discovered:
D:1:      dpeg_arrival_simpleton_a, layout_basic, ebering_ecumenical_altar_rust,
          serial_shops, shop
D:2:      cheibrodos_greedy_goblins, layout_loops_ring, serial_shops,
          nicolae_shop_waterfront, dk_noncrumbling_4
D:3:      layout_loops_ring, uniq_ijyb, uniq_natasha
D:4:      layout_loops_cross, minmay_temple_entry_waves, roderic_batcave
D:5:      layout_loops_cross, ebering_ghost_reflecting_pool
D:6:      layout_loops_ring, uniq_grinder, uniq_menkaure
D:7:      layout_cave_pools, nicolae_overflow_crystal_walls, serial_shops,
          nicolae_diamond_shop
Temple:   compressed_dpeg_circular_temple

Skill      XL: |  1  2  3  4  5  6  7  8  9 10 |
---------------+-------------------------------+-----
Shields        | 4 5 7 8 |  8.3
Fighting       | 4 5 6 7 |  7.4
Staves         | 3 4 5 6 |  6.4
Armour         | 4 5 6 7 |  7.4
Dodging        | 1 2 3 4 5 |  5.0

Action                   |  1- 3 |  4- 6 |  7- 9 | 10-12 || total
-------------------------+-------+-------+-------+-------++-------
Melee: Quarterstaff      |   101 |   133 |   206 |    40 ||   480
       Unarmed           |       |     5 |       |       ||     5
Invok: Ancestor Identity |       |     1 |       |       ||     1
       Ancestor Life: He |       |     1 |       |       ||     1
 Abil: Dig               |     6 |       |       |       ||     6
Evoke: Wand              |       |       |       |     1 ||     1
  Use: Scroll            |     3 |       |     4 |     3 ||    10
       Potion            |       |     1 |     5 |     1 ||     7
 Stab: Distracted        |       |     3 |     3 |       ||     6
       Confused          |       |       |     3 |       ||     3
Armor: Scale mail        |    46 |    60 |       |       ||   106
       Chain mail        |       |    13 |   112 |    33 ||   158
Dodge: Dodged            |    60 |    42 |    72 |    24 ||   198
Block: Buckler           |    17 |    23 |    49 |    17 ||   106
